 Dungeon Crawl Stone Soup version 0.19-a0-1608-g4cf22de (webtiles) character file.

448741 4thArraOfDagon the Severer (level 22, -4/172 HPs)
             Began as a Mummy Gladiator on Sept 17, 2016.
             Was a High Priest of Okawaru.
             Slain by a bennu (20 damage)
             ... on level 2 of the Tomb of the Ancients.
             The game lasted 02:29:38 (28437 turns).

4thArraOfDagon the Severer (Mummy Gladiator)       Turns: 28437, Time: 02:29:39

Health: -4/172     AC: 35    Str: 27    XL:     22   Next: 85%
Magic:  5/11       EV: 20    Int: 21    God:    Okawaru [*****.]
Gold:   3908       SH:  5    Dex: 15    Spells: 8 memorised, 10 levels left

rFire  + . .     SeeInvis +     e - +8 Wrath of Trog {antimagic, *Rage}
rCold  + + +     Gourm    .     Q - +8 chain mail of Negligence {rN+ Str-2 Int+5}
rNeg   + + +     Faith    .     (shield currently unavailable)
rPois  ∞         Spirit   .     E - +2 hat "Wukh" {rF+ Regen+ Dex-3}
rElec  +         Dismiss  .     q - +2 cloak {+Inv}
rCorr  .         Reflect  +     g - +2 pair of gloves of Elitism {Str+3 Dex+3 SInv}
MR     ++...     Harm     .     f - +0 pair of boots of Narcissism {rC++ Str+3}
Stlth  ..........               F - amulet of Life {Reflect rElec SH+5}
                                j - ring of the Octopus King {AC+1 EV+1 Str+1 Int+1 Dex+1 Stlth+}
                                c - ring of Xuac {rF+ Str+3 Slay+3 SInv}

@: silence, heroism, studying Ice Magic
A: no food or potions, fire vulnerability, cold resistance 1, negative energy
resistance 3, torment resistance, unbreathing, in touch with death 1
a: Renounce Religion, Evoke Invisibility
}: 3/15 runes: decaying, serpentine, silver


You were on level 2 of the Tomb of the Ancients.
You worshipped Okawaru.
Okawaru was extremely pleased with you.
You were not hungry.

You visited 9 branches of the dungeon, and saw 45 of its levels.
You visited the Abyss 1 time.
You also visited: Labyrinth, Bailey and Ice Cave.

You collected 5452 gold pieces.
You spent 1544 gold pieces at shops.

Inventory:

Hand Weapons
 e - the +8 Wrath of Trog (weapon) {antimagic, *Rage}
   (Okawaru gifted it to you on level 3 of the Elven Halls)

   It reduces the magical energy of the wielder, and disrupts the spells and
   magical abilities of those hit.
   Natural abilities and divine invocations are not affected.
   It may make you go berserk in combat.
 i - a +2 broad axe of electrocution
 O - a +3 executioner's axe of draining
Missiles
 K - 6 tomahawks of dispersal (quivered)
Armour
 f - the +0 pair of boots of Narcissism (worn) {rC++ Str+3}
   (You found it on level 10 of the Dungeon)

   It affects your strength (+3).
   It greatly protects you from cold.
 g - the +2 pair of gloves of Elitism (worn) {Str+3 Dex+3 SInv}
   (You acquired it on level 4 of the Snake Pit)

   It affects your strength (+3).
   It affects your dexterity (+3).
   It lets you see invisible.
 q - a +2 cloak of invisibility (worn)
 y - a +2 shield
 B - the +4 cloak of Integrity {*Corrode rF++ Int+4}
   (You found it on level 3 of the Elven Halls)

   It affects your intelligence (+4).
   It greatly protects you from fire.
   It may corrode you when you take damage.
 E - the +2 hat "Wukh" (worn) {rF+ Regen+ Dex-3}
   (You acquired it on level 13 of the Dungeon)

   It affects your dexterity (-3).
   It protects you from fire.
   It increases your rate of regeneration.
 Q - the +8 chain mail of Negligence (worn) {rN+ Str-2 Int+5}
   (You bought it in a shop on level 2 of the Orcish Mines)

   It affects your strength (-2).
   It affects your intelligence (+5).
   It protects you from negative energy.
Magical Staves
 w - an uncursed staff of wizardry {!a}
Jewellery
 c - the ring of Xuac (left hand) {rF+ Str+3 Slay+3 SInv}
   (You took it off a deep elf elementalist on level 3 of the Elven Halls)

   [ring of strength]

   It affects your strength (+3).
   It affects your accuracy and damage with ranged weapons and melee attacks
   (+3).
   It protects you from fire.
   It lets you see invisible.
 j - a ring of the Octopus King (right hand) {AC+1 EV+1 Str+1 Int+1 Dex+1 Stlth+}
   (You found it on level 5 of the Vaults)

   [ring of stealth]

   It affects your AC (+1).
   It affects your evasion (+1).
   It affects your strength (+1).
   It affects your intelligence (+1).
   It affects your dexterity (+1).
   It makes you more stealthy.
 p - a +4 ring of intelligence
 v - the ring "Hupe Pua" {rF+ rC+ Str+6 Int-5 Slay-3}
   (You found it on level 4 of the Swamp)

   [ring of protection from cold]

   It affects your strength (+6).
   It affects your intelligence (-5).
   It affects your accuracy and damage with ranged weapons and melee attacks
   (-3).
   It protects you from fire.
   It protects you from cold.
 F - the amulet of Life (around neck) {Reflect rElec SH+5}
   (You found it on level 12 of the Dungeon)

   [amulet of reflection]

   It shields you and reflects attacks.
   It insulates you from electricity.
   It affects your SH (+5).
 L - an uncursed ring of fire
 U - a +2 ring of strength
 Z - an uncursed ring of resist corrosion
Wands
 b - a wand of flame (31/48)
 l - a wand of digging (1/24)
 n - a wand of heal wounds (2/9)
 o - a wand of iceblast (1/15)
 r - a wand of disintegration (5/24)
 x - a wand of lightning (1/15)
 C - a wand of confusion (0/48)
 J - a wand of digging (13/24)
 M - a wand of disintegration (5/24)
 P - a wand of iceblast (4/15)
 T - a wand of paralysis (0/24)
 W - a wand of iceblast (8/15)
 Y - a wand of digging (10/24)
Scrolls
 d - 10 scrolls of remove curse
 h - 5 scrolls of teleportation
 k - 7 scrolls of fear
 m - 6 scrolls of fog
 s - 4 scrolls of torment
 u - 9 scrolls of enchant armour
 z - 6 scrolls of blinking
 A - 3 scrolls of magic mapping
 G - 2 scrolls of silence
 N - 2 scrolls of recharging
 R - 6 scrolls of immolation
 X - 2 scrolls of vulnerability
Books
 D - a manual of Ice Magic
 V - a manual of Ice Magic
Miscellaneous
 t - 3 phantom mirrors
 H - a phial of floods
 I - 2 boxes of beasts
 S - a fan of gales


   Skills:
 + Level 14.3(19.3) Fighting
 * Level 19.5(24.5) Axes
 - Level 1.5(6.5) Throwing
 + Level 14.5(19.5) Armour
 + Level 10.8(15.8) Dodging
 - Level 7.1 Spellcasting
 - Level 8.3 Hexes
 * Level 3.6 Charms
 * Level 4.4 Translocations
 - Level 8.1 Air Magic
 + Level 14.7 Invocations
 - Level 7.1 Evocations


You had 10 spell levels left.
You knew the following spells:

 Your Spells              Type           Power        Failure   Level  Hunger
a - Repel Missiles        Chrm/Air       ####..       3%          2    N/A
b - Swiftness             Chrm/Air       ####....     3%          2    N/A
c - Apportation           Tloc           ####......   4%          1    N/A
d - Blink                 Tloc           N/A          10%         2    N/A
e - Passage of Golubria   Tloc           N/A          45%         4    N/A
f - Silence               Hex/Air        #####.....   24%         5    N/A
g - Spectral Weapon       Hex/Chrm       ####....     10%         3    N/A
h - Haste                 Chrm           ###.....     100%        6    N/A

Dungeon Overview and Level Annotations

Branches:
Dungeon (15/15)            Temple (0/1) D:5            Lair (6/6) D:11
  Swamp (4/4) Lair:4        Snake (4/4) Lair:3        Slime (0/5) Lair:6
    Orc (2/2) D:11            Elf (3/3) Orc:2        Vaults (5/5) D:14
  Crypt (3/3) Vaults:3       Tomb (3/3) Crypt:3
 Depths: D:15

Altars:
Dithmenos
Kikubaaqudgha
Okawaru
Sif Muna
Zin
The Shining One
Beogh

Shops:
D:7 [   D:10 *   Orc:2 ((?[*   Elf:1 [   Snake:3 :   Vaults:1 ?   Vaults:3 [

Portals:
Trove: Elf:2 (give +5 demon whip)

Annotations:
Lair:2 p0werm0de's ghost, journeyman DsCK
Lair:4 SPIDER+SWAMP
Elf:2 exclusion: upstairs
Elf:3 exclusions: Roxanne and upstairs, Roxanne
Vaults:2 exclusion: orange crystal statue
Tomb:2 Mennas


Innate Abilities, Weirdness & Mutations

You do not eat or drink.
Your flesh is vulnerable to fire.
You are immune to poison.
Your flesh is cold resistant. (rC+)
You are immune to negative energy. (rN+++)
You are immune to unholy pain and torment.
You can survive without breathing.
You are in touch with the powers of death.


Message History

The pyre of ghostly fire engulfs the guardian mummy.
The guardian mummy completely resists.
Okawaru accepts your kill.
The bennu renews itself in a burst of flame!
You slice the guardian mummy!! You slash the guardian mummy!
You destroy the guardian mummy!
Okawaru accepts your kill.
You feel extremely nervous for a moment...
You feel terrible.
Unknown command.
Unknown command.
Unknown command.
Unknown command.
Evoke which item? (* to show all) (? for menu, Esc to quit)
Zapping:
n - a wand of heal wounds (3/9)
Press: ? - help, Shift-Dir - straight line, f - you You feel much better.
This wand has 2 charges left.
The bennu pecks you!
* * * LOW HITPOINT WARNING * * *
The bennu sears you!!
You die...

#.....# #.....#
#.^...# #.....#
############'#####
#.........^).^...#
#M........^#.....#
#[b........#.....#
#@M>..^...^#.....#
##################


You could see a greater mummy, a bennu and a guardian mummy.

Vanquished Creatures
  Mara (Vaults:5)
  An ancient lich (Crypt:3)
  3 greater mummies
  Boris (Vaults:5)
  Margery (Vaults:5)
  Saint Roka (Orc:2)
  Frederick (Crypt:2)
  Jory (Vaults:5)
  Nikola (Snake:3)
  2 bone dragons (Crypt:3)
  4 liches
  Jorgrun (Vaults:5)
  3 tentacled monstrosities (Vaults:5)
  4 titans (Vaults:5)
  2 deep elf master archers (Elf:3)
  4 deep elf blademasters (Elf:3)
  7 ancient champions
  10 sphinxes
  4 thorn hunters
  2 shadow dragons (Vaults:5)
  5 tengu reavers
  5 greater nagas (Snake:4)
  5 fire giants
  4 frost giants
  4 revenants
  An iron dragon (Vaults:5)
  11 deep elf sorcerers
  3 deep elf elementalists
  12 vault wardens
  A curse skull (Crypt:3)
  2 ghouls (Crypt:2)
  2 war gargoyles
  Aizul (Snake:4)
  2 caustic shrike skeletons (Crypt:3)
  6 very ugly things
  9 ironheart preservers
  An entropy weaver (Vaults:1)
  8 stone giants
  9 bennus
  A deep elf demonologist (Elf:3)
  11 deep elf annihilators (Elf:3)
  11 ettins
  6 deep elf death magi
  3 eidola
  A minotaur (Lab)
  2 fire dragons
  11 mummy priests
  A great orb of eyes (Vaults:4)
  12 yaktaur captains
  2 jiangshi (Crypt:3)
  6 deep elf high priests
  Harold (Orc:1)
  33 vault guards
  14 hydras
  A rakshasa (Vaults:1)
  9 ogre magi
  Erica (Lair:2)
  2 quicksilver dragon skeletons (Crypt:3)
  An ice dragon (Vaults:4)
  10 naga warriors
  3 ghost crabs
  7 centaur warriors
  4 anacondas (Snake:3)
  4 alligators
  4 dancing weapons
  3 death knights
  14 naga sharpshooters
  19 death scarabs
  A spriggan berserker (Swamp:4)
  4 vampire magi (Crypt:2)
  A deep troll shaman (Vaults:4)
  A shock serpent (Snake:2)
  An orc high priest (Orc:2)
  5 deep elf knights
  5 hell knights (Vaults:5)
  12 skeletal warriors
  6 titan skeletons
  A shadow wraith (Vaults:4)
  4 spriggan druids
  A ghost moth zombie (Crypt:3)
  2 flayed ghosts
  2 storm dragon skeletons
  3 unseen horrors (Vaults:1)
  9 swamp dragons
  10 deep trolls
  2 wizards
  7 naga ritualists
  5 hill giants
  10 deep elf archers
  11 orc knights
  12 ironbrand convokers
  A tengu zombie (Vaults:5)
  2 wolf spiders
  A phantasmal warrior (Vaults:5)
  7 shambling mangroves
  8 necromancers
  7 ugly things
  5 harpies (Vaults:2)
  A wolf spider (shapeshifter) (Vaults:5)
  9 salamanders
  21 deep elf magi
  8 mana vipers
  A cyclops (shapeshifter) (Vaults:5)
  3 hornets
  A mana viper (shapeshifter) (Vaults:5)
  8 orc sorcerers
  A shadow dragon skeleton (Crypt:3)
  A hornet (shapeshifter) (Vaults:5)
  A manticore (Lair:3)
  Maurice (Orc:1)
  An elf zombie (Vaults:5)
  2 stone giant skeletons
  2 tengu skeletons
  4 cyclopes
  2 frost giant skeletons (Crypt:3)
  An iron dragon skeleton (Crypt:3)
  15 elephants
  2 black mambas (shapeshifter)
  3 guardian serpents
  8 vault sentinels
  3 fire giant skeletons (Crypt:3)
  An ice statue (IceCv)
  35 black mambas
  A shock serpent skeleton (Crypt:3)
  14 spiny frogs
  9 naga magi
  A torpor snail (Lair:6)
  2 dire elephant skeletons (Crypt:3)
  4 rime drakes
  2 gargoyles
  36 yaktaurs
  3 kobold demonologists
  13 freezing wraiths
  13 komodo dragons
  2 black draconian skeletons (Crypt:2)
  A komodo dragon (shapeshifter) (Vaults:1)
  A yaktaur (shapeshifter) (D:14)
  A queen bee (Lair:3)
  18 guardian mummies
  A harpy zombie (Crypt:2)
  7 tyrant leeches
  2 polar bears
  2 trolls
  A wolf spider simulacrum (IceCv)
  A hydra skeleton (Crypt:3)
  A tyrant leech (shapeshifter) (Vaults:5)
  26 slime creatures
  20 two-headed ogres
  A polar bear (shapeshifter) (Vaults:1)
  9 bog bodies
  Prince Ribbit (D:5)
  A stone giant simulacrum (Vaults:3)
  15 blink frogs
  A tarantella zombie (Crypt:2)
  An ettin zombie (Vaults:5)
  7 boulder beetles
  3 hippogriffs
  An air elemental (Elf:1)
  A black mamba zombie (Crypt:2)
  An ettin skeleton (Crypt:3)
  An ice dragon skeleton (Crypt:3)
  12 flying skulls
  9 spriggans
  5 shadows
  14 ushabtiu
  2 wraiths
  A fire dragon skeleton (Crypt:3)
  A water elemental (Elf:2)
  A tarantella (shapeshifter) (Elf:3)
  37 yaks
  A wyvern (Lair:3)
  2 fire elementals
  3 basilisks
  A steam dragon (Lair:6)
  6 vampire mosquitoes (Swamp:4)
  5 wargs
  4 mottled dragons
  52 nagas
  A swamp worm (shapeshifter) (Elf:1)
  A soldier ant (D:10)
  16 swamp worms
  Menkaure (D:7)
  6 insubstantial wisps (Swamp:3)
  6 porcupines
  14 swamp drakes
  A water nymph skeleton (Crypt:2)
  13 water moccasins
  2 sky beasts
  57 orc warriors
  A spiny frog skeleton (Crypt:3)
  20 wasps
  8 ice beasts
  37 ogres
  4 boggarts (Vaults:1)
  2 phantoms
  2 necrophages (Crypt:2)
  6 wolves
  18 centaurs
  12 crocodiles
  3 big kobolds
  12 bullfrogs
  A gnoll sergeant (D:10)
  An earth elemental (Elf:3)
  A wyvern skeleton (D:13)
  2 scorpions
  46 killer bees
  An orc simulacrum (Vaults:1)
  A swamp dragon simulacrum (IceCv)
  22 wights
  A raiju zombie (Crypt:2)
  4 howler monkeys
  3 electric eels
  6 crimson imps
  A centaur zombie (D:10)
  4 draconian simulacra (IceCv)
  A bullfrog skeleton (D:12)
  2 bullfrog zombies
  8 hounds
  19 jellies
  21 orc priests
  30 orc wizards
  14 iguanas
  2 centaur skeletons
  A human skeleton (Crypt:3)
  6 worker ants
  6 troll simulacra (IceCv)
  A polar bear simulacrum (IceCv)
  A spriggan simulacrum (IceCv)
  A wolf simulacrum (IceCv)
  A big kobold zombie (Crypt:2)
  2 centaur simulacra (IceCv)
  A hound zombie (D:8)
  3 hound skeletons
  18 mummies
  A worker ant zombie (D:9)
  7 gnolls
  10 adders
  2 howler monkey skeletons
  3 ogre simulacra (IceCv)
  43 river rats
  4 naga simulacra (IceCv)
  5 shadow imps
  24 white imps
  2 oozes
  An adder skeleton (D:7)
  4 dart slugs
  2 leopard geckos
  111 orcs
  5 giant cockroaches
  8 goblins
  2 hobgoblins
  8 jackals
  4 quokkas
  9 bats
  3 frilled lizards
  16 kobolds
  A quokka zombie (Crypt:2)
  4 rats (D:1)
  3 fungi
  3 plants
1764 creatures vanquished.

Vanquished Creatures (collateral kills)
  A deep elf mage (Elf:1)
  A mottled dragon (D:14)
2 creatures vanquished.

Vanquished Creatures (others)
  An eldritch tentacle (Tomb:2)
  38 death scarabs (Tomb:2)
  A titan skeleton (Tomb:2)
  A skeletal warrior (Tomb:2)
  A black mamba (Snake:2)
  7 flying skulls
  An ushabti (Tomb:2)
  2 mummies
  8 fungi
  14 plants
74 creatures vanquished.

Grand Total: 1840 creatures vanquished

Notes
Turn   | Place    | Note
-------+----------+-------------------------------------------
     0 | D:1      | 4thArraOfDagon the Mummy Gladiator began the quest for the Orb.
     0 | D:1      | Reached XP level 1. HP: 16/16 MP: 1/1
     6 | D:1      | You fall through a shaft!
   158 | D:2      | Found an iron altar of Okawaru.
   165 | D:2      | Became a worshipper of Warmaster Okawaru
   189 | D:2      | Found a glowing golden altar of the Shining One.
   191 | D:2      | Found a glowing silver altar of Zin.
   250 | D:2      | Reached XP level 2. HP: 12/22 MP: 2/2
   668 | D:1      | Reached skill level 1 in Invocations
   696 | D:1      | Reached XP level 3. HP: 27/27 MP: 3/3
   997 | D:2      | Reached skill level 1 in Armour
  1100 | D:3      | Reached skill level 3 in Axes
  1280 | D:3      | Reached XP level 4. HP: 32/34 MP: 5/5
  1439 | D:4      | Reached XP level 5. HP: 18/40 MP: 6/6
  1877 | D:5      | Entered Level 5 of the Dungeon
  1878 | D:5      | Noticed Prince Ribbit
  2310 | D:5      | Got a slimy ring mail
  2318 | D:5      | Reached skill level 4 in Axes
  2318 | D:5      | Reached XP level 6. HP: 44/47 MP: 7/7
  2329 | D:5      | Identified the +1 ring mail of Quethaed {Int+2} (You found it on level 5 of the Dungeon)
  2334 | D:5      | :/
  2395 | D:5      | Found a staircase to the Ecumenical Temple.
  2435 | D:5      | Found an ancient bone altar of Kikubaaqudgha.
  2750 | D:5      | Killed Prince Ribbit
  2750 | D:5      | Reached * piety under Okawaru
  2781 | D:6      | Noticed a sky beast
  2788 | D:6      | Killed a sky beast
  2788 | D:6      | Reached XP level 7. HP: 47/54 MP: 9/9
  2882 | D:6      | Noticed a hill giant
  2966 | D:7      | Reached skill level 5 in Axes
  2990 | D:7      | Reached ** piety under Okawaru
  3252 | D:7      | Found Dyothrop's Armour Shop.
  3260 | D:7      | MEH
  3278 | D:8      | Reached XP level 8. HP: 55/61 MP: 10/10
  3371 | D:9      | Reached skill level 5 in Fighting
  3432 | D:9      | Learned a level 2 spell: Repel Missiles
  3435 | D:9      | Learned a level 2 spell: Swiftness
  3524 | D:9      | Reached skill level 6 in Axes
  3579 | D:9      | Reached *** piety under Okawaru
  3891 | D:9      | Reached XP level 9. HP: 41/69 MP: 12/12
  3962 | D:9      | Reached skill level 7 in Axes
  4016 | D:9      | Reached skill level 5 in Invocations
  4287 | D:9      | Learned a level 1 spell: Apportation
  4436 | D:7      | Reached skill level 5 in Armour
  4445 | D:7      | Reached **** piety under Okawaru
  4543 | D:8      | Turgon: An executioner with a hand axe :-)
  4557 | D:7      | Noticed Menkaure
  4567 | D:7      | Killed Menkaure
  4567 | D:7      | Reached skill level 8 in Axes
  4676 | D:7      | Turgon: ... and a buckler
  4740 | D:10     | Entered Level 10 of the Dungeon
  4927 | D:10     | Noticed a hill giant
  4932 | D:10     | Noticed a hill giant
  4978 | D:9      | Reached XP level 10. HP: 47/77 MP: 14/14
  5089 | D:10     | Got a pair of brightly glowing boots
  5098 | D:10     | Identified the cursed +0 pair of boots of Narcissism {rC++ Str+3} (You found it on level 10 of the Dungeon)
  5182 | D:10     | Found a shadowy altar of Dithmenos.
  5297 | D:10     | Found Koppuest's Assorted Antiques.
  5306 | D:10     | Bought a scroll labeled VASATOR VOSOSU for 23 gold pieces
  5338 | D:11     | Found a flagged portal.
  5346 | D:11     | Noticed a hill giant
  5362 | D:11     | Killed a hill giant
  5372 | Bailey   | Entered a bailey
  5379 | Bailey   | Noticed a deep elf mage
  5426 | D:11     | Noticed a gargoyle
  5496 | D:11     | Noticed a hill giant
  5729 | D:12     | Reached skill level 9 in Axes
  5804 | D:12     | Noticed a hill giant
  5831 | D:12     | Killed a hill giant
  5886 | D:11     | Reached ***** piety under Okawaru
  5906 | D:11     | Noticed an elephant
  5930 | D:11     | Killed an elephant
  5930 | D:11     | Reached XP level 11. HP: 43/86 MP: 16/16
  5937 | D:11     | Found a staircase to the Lair.
  6093 | D:12     | Noticed a hill giant
  6115 | D:12     | Killed a hill giant
  6185 | D:12     | Found a deep blue altar of Sif Muna.
  6291 | D:12     | Got an ancient quarterstaff
  6375 | D:12     | Got a bound iron amulet
  6376 | D:12     | Identified the amulet of Life {Reflect rElec SH+5} (You found it on level 12 of the Dungeon)
  6415 | D:12     | Noticed a hill giant
  6439 | D:12     | Killed a hill giant
  6439 | D:12     | Reached skill level 10 in Axes
  6640 | D:14     | Noticed a centaur warrior
  6649 | D:14     | Killed a centaur warrior
  7422 | D:15     | Entered Level 15 of the Dungeon
  7422 | D:15     | Noticed a green ugly thing
  7422 | D:15     | Noticed a green ugly thing
  7422 | D:15     | Noticed a green ugly thing
  7422 | D:15     | Noticed a green ugly thing
  7422 | D:15     | Noticed a green ugly thing
  7433 | D:14     | Killed a green ugly thing
  7433 | D:14     | Reached skill level 1 in Evocations
  7439 | D:14     | Killed a green ugly thing
  7439 | D:14     | Received a gift from Okawaru
  7473 | D:15     | Noticed a centaur warrior
  7597 | D:14     | Reached XP level 12. HP: 56/94 MP: 18/18
  7605 | D:14     | Reached skill level 11 in Axes
  7768 | D:14     | Noticed a centaur warrior
  7775 | D:14     | Killed a centaur warrior
  7941 | D:13     | Noticed a five-headed hydra
  8054 | D:11     | Found a staircase to the Orcish Mines.
  8121 | Orc:1    | Entered Level 1 of the Orcish Mines
  8149 | Orc:1    | Noticed Harold
  8170 | Orc:1    | Killed Harold
  8236 | Orc:1    | Received a gift from Okawaru
  8447 | Orc:1    | Noticed Maurice
  8453 | Orc:1    | Killed Maurice
  8545 | Orc:2    | Entered Level 2 of the Orcish Mines
  8598 | Orc:2    | Found Itrot's Magic Scroll Shoppe.
  8606 | Orc:2    | Bought a scroll of teleportation for 45 gold pieces
  8608 | Orc:2    | Found a staircase to the Elven Halls.
  8684 | Orc:2    | Found a roughly hewn altar of Beogh.
  8727 | Orc:2    | Found Kantef's Weapon Shoppe.
  8844 | Orc:2    | Found a roughly hewn altar of Beogh.
  9006 | Orc:2    | Found a roughly hewn altar of Beogh.
  9028 | Orc:2    | Found Kestuv's Assorted Antiques.
  9033 | Orc:2    | Bought a smoking chain mail for 304 gold pieces
  9043 | Orc:2    | Identified the +8 chain mail of Negligence {rN+ Str-2 Int+5} (You bought it in a shop on level 2 of the Orcish Mines)
  9299 | Orc:2    | Noticed an ettin
  9315 | Orc:2    | Killed an ettin
  9371 | Orc:2    | Reached skill level 12 in Axes
  9397 | Orc:2    | Noticed an orc high priest
  9397 | Orc:2    | Noticed Saint Roka
  9404 | Orc:2    | lets face the truth
  9411 | Orc:2    | Killed an orc high priest
  9427 | Orc:2    | Killed Saint Roka
  9427 | Orc:2    | Gained mutation: You are in touch with the powers of death. [Mummy growth]
  9427 | Orc:2    | Reached XP level 13. HP: 58/99 MP: 20/20
  9602 | Orc:2    | Found Etsual's Antique Armour Shoppe.
  9603 | Orc:2    | Found a roughly hewn altar of Beogh.
  9609 | Orc:2    | Found Kiwoyvosk's Antique Weapon Emporium.
  9620 | Orc:2    | MEH!
  9626 | Orc:2    | Bought a slimy dire flail for 216 gold pieces
  9718 | Lair:1   | Entered Level 1 of the Lair of Beasts
  9866 | Lair:2   | Noticed p0werm0de's ghost (journeyman DsCK)
  9971 | Lair:2   | Noticed Erica
  9991 | Lair:2   | Killed Erica
 10078 | Lair:2   | Received a gift from Okawaru
 10078 | Lair:2   | Reached skill level 13 in Axes
 10263 | Lair:2   | Reached skill level 10 in Invocations
 10548 | Lair:4   | Found a labyrinth entrance.
 10557 | Lab      | Entered a labyrinth
 10712 | Lab      | Noticed a minotaur
 10719 | Lab      | Killed a minotaur
 10729 | Lab      | Identified the Compendium of Earth and Enhancements
 10743 | Lab      | Learned a level 2 spell: Blink
 10748 | Lab      | Learned a level 4 spell: Passage of Golubria
 10769 | Lab      | Identified the cursed +0 quarterstaff of Egonay {flame, Stlth+} (You found it on level 12 of the Dungeon)
 11367 | Lair:5   | Found a frozen archway.
 11388 | IceCv    | Entered an ice cave
 11393 | IceCv    | Reached XP level 14. HP: 98/106 MP: 21/21
 11448 | IceCv    | Reached skill level 10 in Armour
 11576 | IceCv    | Found an ancient bone altar of Kikubaaqudgha.
 11706 | IceCv    | Received a gift from Okawaru
 11707 | IceCv    | Got a slimy battleaxe {god gift}
 11724 | IceCv    | Identified the +1 battleaxe of Jaogak Zuon {drain, rPois} (Okawaru gifted it to you in an ice cave)
 11725 | IceCv    | WHY
 11977 | Lair:6   | Entered Level 6 of the Lair of Beasts
 12008 | Lair:6   | Reached skill level 14 in Axes
 12129 | Lair:6   | Found a staircase to the Slime Pits.
 12901 | Lair:4   | Found a staircase to the Swamp.
 13068 | Lair:3   | Found a staircase to the Snake Pit.
 13265 | Orc:2    | Bought a scroll of torment for 112 gold pieces
 13265 | Orc:2    | Bought a scroll of recharging for 142 gold pieces
 13265 | Orc:2    | Identified a scroll of acquirement
 13277 | Orc:2    | Bought a scroll of fog for 30 gold pieces
 13277 | Orc:2    | Bought a scroll of blinking for 112 gold pieces
 13305 | Elf:1    | Entered Level 1 of the Elven Halls
 13322 | Elf:1    | WHY
 13443 | Elf:1    | Received a gift from Okawaru
 13525 | Elf:1    | Found Othreuc's Antique Armour Shoppe.
 13533 | Elf:1    | WHY
 13711 | Elf:2    | Noticed a deep elf sorcerer
 13725 | Elf:2    | Killed a deep elf sorcerer
 13798 | Elf:2    | Reached skill level 15 in Axes
 13836 | Elf:3    | Entered Level 3 of the Elven Halls
 14011 | Elf:3    | Noticed Roxanne
 14092 | Elf:3    | Noticed a deep elf sorcerer
 14095 | Elf:3    | Noticed a deep elf sorcerer
 14105 | Elf:3    | Killed a deep elf sorcerer
 14111 | Elf:3    | Cast into level 3 of the Abyss (a deep elf sorcerer)
 14118 | Elf:3    | Escaped the Abyss
 14120 | Elf:3    | Killed a deep elf sorcerer
 14128 | Elf:3    | Reached XP level 15. HP: 101/112 MP: 22/22
 14169 | Elf:3    | Noticed a deep elf sorcerer
 14196 | Elf:3    | Killed a deep elf sorcerer
 14217 | Elf:3    | Noticed a deep elf blademaster
 14235 | Elf:3    | Killed a deep elf blademaster
 14336 | Elf:3    | Noticed a deep elf sorcerer
 14336 | Elf:3    | Noticed a deep elf sorcerer
 14337 | Elf:3    | Noticed a deep elf blademaster
 14345 | Elf:3    | Killed a deep elf sorcerer
 14345 | Elf:3    | Received a gift from Okawaru
 14366 | Elf:3    | Killed a deep elf sorcerer
 14374 | Elf:3    | Noticed a deep elf master archer
 14379 | Elf:3    | Killed a deep elf master archer
 14381 | Elf:3    | Noticed a deep elf sorcerer
 14392 | Elf:3    | Killed a deep elf blademaster
 14410 | Elf:3    | Killed a deep elf sorcerer
 14423 | Elf:3    | Got a scintillating pewter amulet
 14423 | Elf:3    | Got a glittering steel ring
 14428 | Elf:3    | Identified the ring of Xuac {rF+ Str+3 Slay+3 SInv} (You took it off a deep elf elementalist on level 3 of the Elven Halls)
 14524 | Elf:3    | Noticed a deep elf blademaster
 14525 | Elf:3    | Noticed a deep elf sorcerer
 14543 | Elf:3    | Killed a deep elf blademaster
 14553 | Elf:3    | Killed a deep elf sorcerer
 14568 | Elf:3    | Noticed a deep elf blademaster
 14586 | Elf:3    | Killed a deep elf blademaster
 14589 | Elf:3    | Reached ****** piety under Okawaru
 14590 | Elf:3    | Noticed a deep elf sorcerer
 14601 | Elf:3    | Killed a deep elf sorcerer
 14602 | Elf:3    | Received a gift from Okawaru
 14676 | Elf:3    | Noticed a deep elf master archer
 14681 | Elf:3    | Killed a deep elf master archer
 14824 | Elf:3    | Got a steaming cloak
 14835 | Elf:3    | Identified the +4 cloak of Integrity {*Corrode rF++ Int+4} (You found it on level 3 of the Elven Halls)
 14835 | Elf:3    | MEH
 14884 | Elf:3    | Noticed an Ice Fiend
 14929 | Elf:3    | Identified Wopem's Almanac of Protection and Transmigration
 15081 | Elf:2    | Found a portal to a secret trove of treasure.
 15205 | Elf:1    | Reached XP level 16. HP: 113/122 MP: 2/24
 15211 | Elf:1    | Reached skill level 16 in Axes
 15279 | Elf:1    | Identified the amulet of Yxzeiloawn {Gourm rC+ Dex+4} (You took it off a deep elf annihilator on level 3 of the Elven Halls)
 15460 | Snake:1  | Entered Level 1 of the Snake Pit
 15466 | Snake:1  | Reached skill level 5 in Dodging
 15537 | Snake:1  | Reached skill level 10 in Fighting
 15663 | Snake:1  | Received a gift from Okawaru
 15835 | Snake:2  | You fall through a shaft!
 15835 | Snake:3  | Found Guwnuj's Book Shoppe.
 16032 | Snake:3  | Noticed Nikola
 16072 | Snake:3  | Killed Nikola
 16401 | Snake:4  | Entered Level 4 of the Snake Pit
 16773 | Snake:4  | Received a gift from Okawaru
 16945 | Snake:4  | Received a gift from Okawaru
 16969 | Snake:4  | Reached XP level 17. HP: 64/130 MP: 0/26
 17253 | Snake:4  | Noticed Aizul
 17266 | Snake:4  | Killed Aizul
 17452 | Snake:4  | Identified the +2 pair of gloves of Elitism {Str+3 Dex+3 SInv} (You acquired it on level 4 of the Snake Pit)
 17584 | Snake:4  | Got a serpentine rune of Zot
 17763 | Snake:2  | Received a gift from Okawaru
 17865 | Lair:3   | Reached skill level 5 in Evocations
 17899 | Lair:3   | Reached skill level 1 in Spellcasting
 17977 | Lair:3   | Reached skill level 1 in Translocations
 18142 | Swamp:1  | Entered Level 1 of the Swamp
 18207 | Swamp:1  | Identified the amulet of Cath {Spirit *Drain rC+ Int+3 Stlth+} (You found it on level 1 of the Swamp)
 18503 | Swamp:2  | Received a gift from Okawaru
 18540 | Swamp:3  | Reached skill level 17 in Axes
 18641 | Swamp:4  | Entered Level 4 of the Swamp
 19155 | Swamp:4  | Got a sparkling golden ring
 19183 | Swamp:4  | Identified the ring "Hupe Pua" {rF+ rC+ Str+6 Int-5 Slay-3} (You found it on level 4 of the Swamp)
 19184 | Swamp:4  | woho
 19509 | Swamp:4  | Reached XP level 18. HP: 109/138 MP: 6/27
 19968 | Swamp:4  | Got a decaying rune of Zot
 20542 | D:13     | Got a twisted hat
 20543 | D:13     | Identified the +2 hat "Wukh" {rF+ Regen+ Dex-3} (You acquired it on level 13 of the Dungeon)
 20620 | D:14     | Found a gate to the Vaults.
 20659 | Vaults:1 | Entered Level 1 of the Vaults
 21015 | Vaults:1 | Received a gift from Okawaru
 21147 | Vaults:1 | Reached skill level 5 in Spellcasting
 21240 | Vaults:1 | Learned a level 5 spell: Silence
 21268 | Vaults:1 | Found Netziacice's Magic Scroll Shop.
 21277 | Vaults:1 | Bought a scroll of teleportation for 60 gold pieces
 21277 | Vaults:1 | Bought a scroll of recharging for 190 gold pieces
 21277 | Vaults:1 | Bought a scroll of teleportation for 60 gold pieces
 21277 | Vaults:1 | Bought a scroll of fog for 40 gold pieces
 21277 | Vaults:1 | Bought a scroll of teleportation for 60 gold pieces
 21277 | Vaults:1 | Bought a scroll of blinking for 150 gold pieces
 21298 | Vaults:1 | Found an iron altar of Okawaru.
 21754 | Vaults:1 | You fall through a shaft!
 21854 | Vaults:2 | Reached XP level 19. HP: 141/146 MP: 8/28
 22112 | Vaults:2 | Reached skill level 1 in Air Magic
 22220 | Vaults:3 | Found Nemag's Armour Emporium.
 22257 | Vaults:3 | Received a gift from Okawaru
 22257 | Vaults:3 | Reached skill level 1 in Charms
 22370 | Vaults:3 | jacquesderrida: Mummer
 22790 | Vaults:3 | Found a staircase to the Crypt.
 22805 | Vaults:3 | Received a gift from Okawaru
 23248 | Vaults:3 | epen: !lastgames 4thArraOfDagon
 23323 | Vaults:4 | beem: Last 10 games for 4thArraOfDagon: L2 MiBe^Trog (a player ghost), L9 TrMo^Sif (a river rat), L11 TrMo^Makh (an orc knight), L12 VSAs^TSO (a thrashing horror), L5 GhEE^ (a worker ant), L3 DEFE^ (an orc priest), L1 DEFE^ (an orc wizard), L3 DEFE^ (a centaur), L1 DEFE^ (a jackal), L16 TrWn^Makh (an acid blob)
 23323 | Vaults:4 | 4thArraOfDagon: nooo
 23323 | Vaults:4 | 4thArraOfDagon: dont bring em back
 23377 | Vaults:4 | epen: >acid blob
 23384 | Vaults:4 | epen: D: D: D:
 23416 | Vaults:4 | Identified the +10 morningstar "Suyberr" {freeze, *Noise rElec Dex+5 Stlth+} (You found it on level 4 of the Vaults)
 23444 | Vaults:4 | epen: !lg 4thArraOfDagon killer=acid_blob
 23449 | Vaults:4 | beem: 23. 4thArraOfDagon the Brawler (L16 TrWn of Makhleb), blasted by an acid blob (splash of acid) on Slime:1 on 2016-09-17 07:25:53, with 176429 points after 13523 turns and 1:31:34.
 23488 | Vaults:4 | Reached skill level 18 in Axes
 23875 | Vaults:5 | Entered Level 5 of the Vaults
 23875 | Vaults:5 | Noticed Boris
 23891 | Vaults:5 | Received a gift from Okawaru
 23893 | Vaults:5 | Killed Boris
 23893 | Vaults:5 | Reached XP level 20. HP: 140/155 MP: 3/30
 23899 | Vaults:5 | Received a gift from Okawaru
 23992 | Vaults:4 | epen: !gkills 4thArraOfDagon
 23998 | Vaults:4 | beem: 232 kills by 4thArraOfDagon's ghost: 65x 4thArraOfDagon, 3x Chiseanne, 3x mrath, 3x Duffy, 3x timbw, 2x ilii, 2x BLOAX, 2x WhatIsLove, 2x twillightdoom, 2x ThirdFlower, 2x Malachi, 2x disskorpion, 2x Jenx, 2x tstbtto, 2x dohliylev, FilthyCasual, barb4r1an, pigah, Selky, urechis, oinker, Spectrina, onwiheg, hackum, Schadenfreude, saturine, Duskembrace, inmateoo, carnold, Daviar, Sar, Fluffy, scuz...
 24041 | Vaults:4 | 4thArraOfDagon: :)
 24049 | Vaults:4 | epen: DONT DIE PLS
 24289 | Vaults:5 | Reached skill level 1 in Hexes
 24293 | Vaults:5 | Noticed Mara
 24304 | Vaults:5 | Noticed 4thArraOfDagon's illusion
 24459 | Vaults:5 | Received a gift from Okawaru
 24552 | Vaults:5 | Noticed Jory
 24577 | Vaults:5 | Killed Jory
 24624 | Vaults:5 | Got a silver rune of Zot
 24633 | Vaults:5 | Learned a level 3 spell: Spectral Weapon
 24830 | Vaults:5 | Noticed Margery
 24874 | Vaults:5 | Killed Margery
 25025 | Vaults:5 | Identified the Grimoire of the Apprentice
 25051 | Vaults:5 | Reached XP level 21. HP: 117/163 MP: 8/31
 25222 | Vaults:5 | Reached skill level 5 in Air Magic
 25243 | Vaults:5 | Received a gift from Okawaru
 25297 | Vaults:5 | Identified the Handbook of Articulation
 25303 | Vaults:5 | Identified the amulet of Impatience {Spirit rF+} (You found it on level 5 of the Vaults)
 25305 | Vaults:5 | Got a ring of the Octopus King
 25307 | Vaults:5 | Identified a ring of the Octopus King {AC+1 EV+1 Str+1 Int+1 Dex+1 Stlth+} (You found it on level 5 of the Vaults)
 25325 | Vaults:5 | Noticed Jorgrun
 25335 | Vaults:5 | Killed Jorgrun
 25358 | Vaults:5 | Learned a level 6 spell: Haste
 25407 | Vaults:5 | Reached skill level 5 in Hexes
 25439 | Vaults:5 | Noticed 4thArraOfDagon's illusion
 25441 | Vaults:5 | Killed Mara
 25441 | Vaults:5 | Reached skill level 10 in Dodging
 25713 | Vaults:3 | jacquesderrida: ЖВ
 25713 | Vaults:3 | jacquesderrida: :D
 25734 | Crypt:1  | Entered Level 1 of the Crypt
 25836 | Crypt:2  | Reached skill level 19 in Axes
 25925 | Crypt:2  | Noticed Frederick
 25947 | Crypt:2  | Killed Frederick
 25947 | Crypt:2  | Received a gift from Okawaru
 26025 | Crypt:3  | Entered Level 3 of the Crypt
 26247 | Crypt:3  | Received a gift from Okawaru
 26534 | Crypt:3  | Reached XP level 22. HP: 123/171 MP: 9/32
 26803 | Crypt:3  | Noticed an ancient lich
 26815 | Crypt:3  | Killed an ancient lich
 26915 | Crypt:3  | Found a staircase to the Tomb.
 26924 | Tomb:1   | Entered Level 1 of the Tomb of the Ancients
 27016 | Tomb:1   | Received a gift from Okawaru
 27320 | Tomb:1   | Noticed a greater mummy
 27334 | Tomb:1   | Killed a greater mummy
 27334 | Tomb:1   | Received a gift from Okawaru
 27369 | Tomb:1   | Noticed a greater mummy
 27378 | Tomb:1   | Noticed a greater mummy
 27525 | Tomb:1   | Killed a greater mummy
 27724 | Tomb:1   | Got an ancient storm dragon armour
 27735 | Tomb:1   | Identified the cursed +0 storm dragon armour of Rotation {rElec MR++} (You found it on level 1 of the Tomb of the Ancients)
 27806 | Tomb:2   | Noticed Mennas
 27809 | Tomb:2   | Noticed a greater mummy
 27826 | Tomb:2   | Noticed a greater mummy
 27841 | Tomb:2   | Killed a greater mummy
 27955 | Tomb:3   | Entered Level 3 of the Tomb of the Ancients
 28189 | Tomb:3   | Noticed a greater mummy
 28300 | Tomb:3   | Noticed a greater mummy
 28301 | Tomb:3   | Noticed a greater mummy
 28301 | Tomb:3   | Noticed a greater mummy
 28377 | Tomb:3   | Noticed a greater mummy
 28379 | Tomb:3   | Noticed a greater mummy
 28379 | Tomb:3   | Noticed a greater mummy
 28435 | Tomb:2   | HP: 7/172 [guardian mummy (7)]
 28437 | Tomb:2   | Slain by a bennu

Vault maps used:
D:1:      lightli_arrival_chessboard
D:2:      grunt_temple_overflow_open, okawaru_metal_pillars_1_2
D:3:      first_bread
D:4:      roderic_batcave
D:5:      kennysheep_mini, uniq_prince_ribbit1
D:6:      minmay_cornered_nines
D:7:      lemuel_doored_altar, serial_shops, shop, minmay_splitting_lines,
          grunt_ogre_cave, lemuel_statue_altar, uniq_menkaure
D:8:      basic_altar, uniq_pikel
D:9:      nrook_mini_backslash
D:10:     cheibrodos_breeding_chamber, serial_shops,
          nicolae_shop_window_shopping, grunt_dithmenos_smoke
D:11:     david_lair_generic, orc_0_dummy, enter_bailey_1
D:12:     tgw_sif
D:14:     lightli_vaults_fourway_checkpoint, kennysheep_small_spiral
D:15:     grunt_enter_depths_hoard, basic_altar, uniq_sonja
Lair:2:   beast_lair_carwin_large_4, minivault_23, uniq_erica
Lair:3:   hangedman_what_comes_after_a, dummy_snake_entry,
          infiniplex_staircase_pool
Lair:4:   minmay_swamp_entry_worms, lab_entry_generic, grunt_megastairs_5,
          serial_bayou_shore_b
Lair:5:   portal_ice_cave_entry_imps
Lair:6:   wormcave, guppyfry_lair_end_dragon, minmay_slime_entry_jelly_boxes
Swamp:1:  nicolae_swamp_little_tower
Swamp:2:  evilmike_swamp_ruin_wall
Swamp:3:  evilmike_swamp_ruin_rubble_2, swamp_pool1
Swamp:4:  swamp_basic_johnstein, swamp_pool4
Snake:1:  grunt_ministairs_1, uniq_donald
Snake:2:  boulder_indie, lemuel_fruit_tree
Snake:3:  serial_shops, shop, uniq_saint_roka, uniq_nikola
Snake:4:  minmay_snake_end_coiled, uniq_aizul, uniq_asterion
Orc:1:    uniq_harold, uniq_maurice
Orc:2:    grunt_orc_community_town_hall, grunt_orc_community_big_house_2,
          grunt_orc_community_big_house_2, grunt_orc_community_house_2,
          grunt_orc_community_house_2, grunt_orc_community_house_2,
          grunt_orc_community_house_2, serial_shops, nicolae_shop_statue_plus
Elf:1:    kennysheep_six_static_rooms, serial_shops, shop,
          kennysheep_underground_church, solitary_fountain, st_stairs_11
Elf:2:    enter_trove_0
Elf:3:    minmay_elf_hall_furrowed, uniq_roxanne, uniq_bai_suzhen
Vaults:1: nicolae_vaults_circle_grid_b, v_misc_3, v_misc_5, grunt_vaults_twisty,
          v_misc_26, nicolae_vaults_little_squares_5,
          nicolae_vaults_mini_display_case, hangedman_vaults_hard_town_square,
          nicolae_vaults_circle_grid_a, v_misc_5, ontoclasm_vaults_ligature,
          vaults_room_hallway, basic_altar, serial_shops,
          nicolae_shop_window_shopping
Vaults:2: vaults_room_semicircle, nicolae_vaults_little_squares_1,
          hangedman_vaults_snaps, nicolae_vaults_shelves_hall,
          nicolae_vaults_hallways_thing, grunt_vaults_hallway_short, v_misc_28,
          v_misc_31, nicolae_vaults_statue_guard, serial_shops, shop_fountains
Vaults:3: vaults_room_hallway, v_misc_1, minmay_crypt_entry_simple_round,
          grunt_vaults_focal, st_check, nicolae_vaults_ninety_degrees,
          v_misc_11, v_misc_10, ontoclasm_vaults_fault,
          grunt_vaults_hallway_long, v_misc_15, vaults_room_hallway,
          serial_shops, shop
Vaults:4: v_rooms_6, nicolae_vaults_bisected_exclaves, v_pattern_4,
          nicolae_vaults_network_periphery, ontoclasm_vaults_misaligned,
          v_misc_30, vaults_mumra_hexcomb
Vaults:5: serial_shops, uniq_jory, uniq_margery, uniq_jorgrun, uniq_boris,
          uniq_mara
Crypt:2:  glass_columns_b, basic_stair_grate_trap, uniq_frederick
Crypt:3:  due_elkab, tomb_entry_simple_bobbens, moated_statue,
          corexii_hall_statues_l, uniq_khufu
Tomb:2:   uniq_mennas
Abyss:3:  due_exit_kobolds
Lab:      labyrinth_mini_lab, nicolae_lab_t_cross, nicolae_lab_arrow,
          nicolae_lab_x, labyrinth_lava_lair
Bailey:   bailey_polearm_3, bailey
IceCv:    ice_cave_small_necro

Skill      XL: |  1  2  3  4  5  6  7  8  9 10 11 12 13 14 15 16 17 18 19 20 21 22 |
---------------+-------------------------------------------------------------------+-----
Invocations    | 1 2 3 4 5 6 8 9 10 11 12 13 14 | 14.7
Armour         | 1 2 3 4 5 6 7 8 9 11 12 13 14 | 14.5
Axes           | 3 4 5 6 8 9 10 12 13 15 16 17 18 19 | 19.5
Fighting       | 3 4 5 6 8 9 10 11 12 13 14 | 14.3
Evocations     | 1 3 4 5 6 7 |  7.1
Dodging        | 4 6 7 8 9 10 | 10.8
Spellcasting   | 3 5 6 7 |  7.1
Translocations | 2 4 |  4.4
Air Magic      | 2 4 7 8 |  8.1
Charms         | 2 3 |  3.6
Hexes          | 4 7 8 |  8.3
Throwing       | |  1.5

Action                   |  1- 3 |  4- 6 |  7- 9 | 10-12 | 13-15 | 16-18 | 19-21 | 22-24 || total
-------------------------+-------+-------+-------+-------+-------+-------+-------+-------++-------
Melee: War axe           |    34 |       |       |       |       |       |       |       ||    34
       Hand axe          |    60 |   112 |   377 |   373 |       |       |       |       ||   922
       Battleaxe         |       |       |       |   472 |  1083 |  1469 |  1364 |   462 ||  4850
Throw: Throwing net      |       |     4 |     4 |     1 |     6 |     1 |       |       ||    16
 Cast: Apportation       |       |       |       |       |       |     4 |     7 |       ||    11
       Repel Missiles    |       |       |       |       |       |       |     1 |       ||     1
       Silence           |       |       |       |       |       |       |       |     2 ||     2
Invok: Heroism           |       |     1 |    19 |    45 |    48 |    57 |    39 |    15 ||   224
       Finesse           |       |       |       |    10 |    16 |    13 |    19 |     5 ||    63
Evoke: Wand              |       |       |     3 |    10 |    14 |    14 |     4 |     5 ||    50
       Phial of floods   |       |       |       |     1 |       |       |       |       ||     1
  Use: Scroll            |       |     3 |    11 |     9 |    19 |    23 |     6 |     4 ||    75
 Stab: Held in net/web   |       |       |     1 |     7 |     4 |       |       |       ||    12
       Sleeping          |       |       |     1 |       |       |       |       |       ||     1
       Paralysed         |       |       |       |       |     6 |       |       |       ||     6
       Confused          |       |       |       |       |     1 |     3 |       |       ||     4
       Distracted        |       |       |       |       |     2 |       |     1 |       ||     3
Armor: Leather armour    |    32 |       |       |       |       |       |       |       ||    32
       Scale mail        |       |    33 |       |       |       |       |       |       ||    33
       Ring mail         |       |     8 |    84 |       |       |       |       |       ||    92
       Plate armour      |       |       |    20 |   288 |       |       |       |       ||   308
       Chain mail        |       |       |       |    15 |   410 |   664 |   499 |   191 ||  1779
Dodge: Dodged            |    34 |    67 |   170 |   214 |   326 |   752 |   539 |   301 ||  2403
       Deflected         |       |       |       |       |       |       |     2 |       ||     2
Block: Buckler           |    16 |    29 |    87 |    49 |       |       |       |       ||   181
       Other             |       |       |       |    69 |   127 |   269 |   163 |    74 ||   702
       Reflection        |       |       |       |     5 |     3 |    21 |    11 |     1 ||    41
